 Dungeon Crawl Stone Soup version 0.29-a0-973-gac7da5f7f0 (webtiles) character file.

Game seed: 6656959427563411820

89 xian the Charlatan (level 4, 0/33 HPs)
             Began as a Formicid Artificer on July 31, 2022.
             Frozen to death by an endoplasm (4 damage)
             ... on level 3 of the Dungeon.
             The game lasted 00:06:44 (2643 turns).

xian the Charlatan (Formicid Artificer)             Turns: 2643, Time: 00:06:44

Health: 0/33       AC: 10    Str: 22    XL:     4   Next: 84%
Magic:  4/4        EV:  8    Int: 13    God:
Gold:   145        SH:  0    Dex: 14    Spells: 3/3 levels left

rFire   . . .      SeeInvis +   g - +0 short sword
rCold   . . .      Faith    .   (no shield)
rNeg    . . .      Spirit   .   a - +0 chain mail
rPois   .          Reflect  .   (helmet unavailable)
rElec   .          Harm     .   (no cloak)
rCorr   .          Rampage  .   (no gloves)
Will    .....                   n - +0 pair of boots
Stlth   ..........              m - amulet of regeneration
HPRegen 0.91/turn               i - +6 ring of strength
MPRegen 0.09/turn               (no ring)

@: no status effects
A: permanent stasis, dig shafts and tunnels, antennae 3, four strong arms
a: Dig, Shaft Self


You were on level 3 of the Dungeon.
You visited 1 branch of the dungeon, and saw 3 of its levels.

You collected 145 gold pieces.

Inventory:

Hand Weapons
 g - a +0 short sword (weapon)
Missiles
 h - 2 poisoned darts
Armour
 a - a +0 chain mail (worn)
 n - a +0 pair of boots (worn)
Magical Staves
 f - a staff of conjuration
Jewellery
 i - a +6 ring of strength (left hand)
 m - an amulet of regeneration (around neck)
Wands
 c - a wand of flame (10) (quivered)
 d - a wand of charming (15)
 e - a wand of iceblast (9)
Scrolls
 k - a scroll of acquirement {unknown}
Potions
 b - a potion of cancellation {unknown}
 j - a potion of attraction {unknown}
 l - 3 potions of haste {unknown}
 o - a potion of brilliance


   Skills:
 + Level 1.7 Fighting
 + Level 1.3 Short Blades
 + Level 0.1 Maces & Flails
 + Level 3.4 Armour
 + Level 1.7 Dodging
 + Level 1.5 Stealth
 + Level 3.8 Evocations


You had 3 spell levels left.
You didn't know any spells.
Your spell library contained the following spells:

 Spells                   Type           Power      Damage    Failure   Level
 Foxfire                  Conj/Fire      0%         2x1d4     95%         1
 Necrotise                Necr           0%         1d4       95%         1
 Inner Flame              Hex/Fire       0%         N/A       100%        3
 Vampiric Draining        Necr           0%         2d6       100%        3
 Agony                    Necr           0%         N/A       100%        5
 Fire Storm               Conj/Fire      0%         5d1       100%        9


Dungeon Overview and Level Annotations

Branches:
Dungeon (3/15)

Altars:


Innate Abilities, Weirdness & Mutations

You cannot be hasted, slowed, berserked, paralysed or teleported.
You can dig through walls and to a lower floor.
You have a pair of large antennae on your head. (SInv)
Your four strong arms can wield two-handed weapons with a shield.


Message History

You hear a shout! x2
A gnoll, an orc and an orc priest come into view.
Found a pair of gloves.
The gnoll shouts!
The orc shouts!
The orc priest shouts!
The orc shouts!
The orc priest calls down the wrath of Beogh upon you.
Beogh smites you!
* * * LOW HITPOINT WARNING * * *
A hobgoblin comes into view.
The ball python bites you but does no damage.
The ball python completely misses you.
You completely miss the ball python.
The ball python bites you but does no damage.
The ball python grabs you. The ball python constricts you.
You closely miss the ball python. The ball python barely misses you.
The ball python constricts you.
The endoplasm jiggles.
You hit the ball python.
The ball python is severely wounded.
The ball python bites you but does no damage.
The ball python constricts you.
You hit the ball python but do no damage.
The ball python is severely wounded.
The ball python bites you but does no damage.
The ball python constricts you. The ball python barely misses you.
The ball python constricts you.
You hit the ball python.
You kill the ball python!
The orc priest invokes the aid of Beogh against you.
Beogh smites you!
* * * LOW HITPOINT WARNING * * *
You completely miss the endoplasm. The endoplasm freezes you.
You are frozen.
* * * LOW HITPOINT WARNING * * *
You hit the endoplasm.
The endoplasm is heavily wounded.
A gnoll comes into view. It is wielding a +0 spear.
The endoplasm freezes you.
You are frozen.
You die...

#.#.##......†.......+{
. . ...##....#.#....#
.####.......#....#
#.#.[#..###....#
#.#...#.# #.##########
........# #.##........
..####.#...#
#.##.....$..
...........#
#[##g.......
..#.#......#
#@Jooo......
#.#.#...>#
#####og.....
#......†##### o.......
####..##....# .......
#<.....#.# ...o...
####...# .....g.
....... ...[...
#.######## ....o..


You could see an orc priest, 2 gnolls, 3 orcs and an endoplasm.

Vanquished Creatures
  Terence (D:3)
  An adder (D:2)
  A worm (D:2)
  A dart slug (D:2)
  3 endoplasms
  2 giant cockroaches
  4 goblins
  A hobgoblin (D:3)
  7 jackals
  4 quokkas
  5 ball pythons
  9 bats
  4 frilled lizards
  3 kobolds
  3 rats (D:1)
49 creatures vanquished.

Notes
Turn   | Place    | Note
-------+----------+-------------------------------------------
     0 | D:1      | xian the Formicid Artificer began the quest for the Orb.
     0 | D:1      | Reached XP level 1. HP: 15/15 MP: 1/1
   495 | D:1      | Reached XP level 2. HP: 13/21 MP: 2/2
  1228 | D:1      | Reached skill level 1 in Dodging
  1390 | D:2      | Reached XP level 3. HP: 24/26 MP: 3/3
  1980 | D:2      | Got the Quarto of the Pyre
  2012 | D:2      | Reached XP level 4. HP: 30/32 MP: 4/4
  2384 | D:3      | Noticed Terence
  2396 | D:3      | Killed Terence
  2397 | D:3      | Reached skill level 1 in Short Blades
  2629 | D:3      | Identified the +3 ring mail "Eceuf" {rF+ Int+4 Slay+3}
  2643 | D:3      | Frozen to death by an endoplasm

Illustrated notes

Levels and vault maps discovered:
D:1:      nzn_arrival_settlement, layout_loops_ring
D:2:      layout_loops_ring
D:3:      layout_basic, ebering_ecumenical_altar_hall, uniq_terence,
          uniq_jessica

Skill      XL: |  1  2  3  4 |
---------------+-------------+-----
Dodging        | 1 |  1.7
Armour         | 3 |  3.4
Short Blades   | 1 |  1.3
Fighting       | |  1.7
Maces & Flails | |  0.1
Stealth        | |  1.5
Evocations     | |  3.8

Action                   |  1- 3 |  4- 6 || total
-------------------------+-------+-------++-------
Melee: Short sword       |   163 |    68 ||   231
       Club              |    10 |       ||    10
       Punch             |     1 |     2 ||     3
Evoke: Wand              |       |     5 ||     5
  Use: Scroll            |     1 |     3 ||     4
       Potion            |       |     1 ||     1
 Stab: Sleeping          |     1 |       ||     1
Armor: Leather armour    |    29 |       ||    29
       Chain mail        |    63 |    69 ||   132
Dodge: Dodged            |    98 |    68 ||   166

Table legend: (Time is in decaauts)
 A = Elapsed time spent in this place.
 B = Non-inter-level travel time spent in this place.
 C = Inter-level travel time spent in this place.
 D = Time resting spent in this place.
 E = Time spent auto-exploring this place.
 F = Levels seen in this place.
 G = Mean time per level.
                   A        B        C        D        E       F      G
               +--------+--------+--------+--------+--------+-----+--------+
         Total |   2661 |   2575 |     86 |    100 |   1741 |   3 |  887.0 |
       Dungeon |   2661 |   2575 |     86 |    100 |   1741 |   3 |  887.0 |
               +--------+--------+--------+--------+--------+-----+--------+

Top non-repeatable levels by time:
     D:1: 1379 daAuts
     D:2: 1000 daAuts
     D:3: 280 daAuts
